 Dungeon Crawl Stone Soup version 0.28.0-49-g6dfe1f597d (webtiles) character file.

Game seed: 11156061328597910867

136 Exodus22XD the Poker (level 4, 0/34 HPs)
             Began as a Demonspawn Gladiator on May 15, 2022.
             Slain by a gnoll
             ... wielding a +1 flail of protection
              (9 damage)
             ... on level 3 of the Dungeon.
             The game lasted 00:01:12 (1913 turns).

Exodus22XD the Poker (Demonspawn Gladiator)         Turns: 1913, Time: 00:01:14

Health: 0/34       AC: 11    Str: 16    XL:     4   Next: 98%
Magic:  4/4        EV:  7    Int:  9    God:
Gold:   76         SH:  0    Dex: 15    Spells: 3/3 levels left

rFire   . . .      SeeInvis .   a - +0 trident
rCold   . . .      Faith    .   (no shield)
rNeg    . . .      Spirit   .   g - +0 chain mail
rPois   .          Reflect  .   c - +0 helmet
rElec   .          Harm     .   (no cloak)
rCorr   .          Rampage  .   (no gloves)
Will    .....                   (no boots)
Stlth   ..........              (no amulet)
HPRegen 0.11/turn               (no ring)
MPRegen 0.18/turn               (no ring)

@: confused, lethally poisoned (0 -> -12), ambrosia-drunk
A: icy blue scales 1, spiny 1, magic regeneration
a: no special abilities


You were on level 3 of the Dungeon.
You visited 1 branch of the dungeon, and saw 3 of its levels.

You collected 76 gold pieces.

Inventory:

Hand Weapons
 a - a +0 trident (weapon)
Missiles
 d - 3 throwing nets (quivered)
Armour
 b - a +0 leather armour
 c - a +0 helmet (worn)
 g - a +0 chain mail (worn)
Scrolls
 e - a scroll of noise {unknown}
 f - a scroll of fear {unknown}
 h - a scroll of identify {unknown}
 i - a scroll of enchant armour {unknown}
 k - a scroll of enchant weapon {unknown}


   Skills:
 + Level 2.5 Fighting
 + Level 4.3 Polearms
 + Level 1.8 Throwing
 + Level 1.2 Armour
 + Level 3.2 Dodging
 + Level 0.1 Stealth


You had 3 spell levels left.
You didn't know any spells.
Your spell library contained the following spells:

 Spells                   Type           Power      Damage    Failure   Level
 Gell's Gravitas          Tloc           0%         N/A       100%        3
 Lesser Beckoning         Tloc           0%         N/A       100%        3
 Teleport Other           Tloc           0%         N/A       100%        3
 Leda's Liquefaction      Hex/Erth       0%         N/A       100%        4
 Lee's Rapid Deconstruct  Erth           0%         3d5*      100%        5
 Statue Form              Tmut/Erth      0%         N/A       100%        6


Dungeon Overview and Level Annotations

Branches:
Dungeon (3/15)

Altars:


Innate Abilities, Weirdness & Mutations

You are partially covered in icy blue scales. (AC +2)
You are partially covered in sharp spines.
You regenerate magic rapidly.


Message History

There are monsters nearby!
You puncture the gnoll!
You kill the gnoll!
The gnoll is struck by your spines. The gnoll hits you but does no damage.
You hit the gnoll.
The gnoll is heavily wounded.
The gnoll barely misses you. The gnoll is struck by your spines.
The gnoll hits you with a +0 flail.
You barely miss the gnoll.
The gnoll is severely wounded.
The gnoll hits you but does no damage.
You are poisoned.
The gnoll is struck by your spines.
You kill the gnoll!
The gnoll completely misses you.
You feel sick.
The gnoll hits you with a +2 halberd of venom.
You are more poisoned.
You see here a +0 flail.
You puncture the gnoll!
The gnoll is heavily wounded.
You feel very sick. The gnoll barely misses you.
You completely miss the gnoll.
The gnoll is heavily wounded.
You feel very sick. The gnoll is struck by your spines.
The gnoll hits you with a +2 halberd of venom.
You are lethally poisoned!
You puncture the gnoll!
You kill the gnoll!
* * * LOW HITPOINT WARNING * * *
You feel very sick.
It was a potion of ambrosia.
You are confused.
You feel invigorated.
* * * LOW HITPOINT WARNING * * *
You feel very sick.
The gnoll hits you with a +1 flail of protection!
You die...

#.#.....###.###<.....
#..####.# #.###.#####
##.## #.# #....).....
#..# #.#######.#####
##.# #.##...........
#.# #.##.......####
#.###.##.......# #.)#
.##.......# ##@#
#.......# #g#
#.......# #.#
.......## #.#
........# #.# #.# #.#
#.#


You could see a gnoll.

Vanquished Creatures
  3 gnolls (D:3)
  5 adders (D:2)
  A worm (D:1)
  2 ball pythons
  A bat skeleton (D:2)
  9 endoplasms
  3 giant cockroaches (D:1)
  2 goblins (D:2)
  4 hobgoblins
  9 jackals (D:1)
  4 quokkas
  A ball python skeleton (D:2)
  4 bats
  2 frilled lizards (D:1)
  2 kobolds
  4 rats
56 creatures vanquished.

Notes
Turn   | Place    | Note
-------+----------+-------------------------------------------
     0 | D:1      | Exodus22XD the Demonspawn Gladiator began the quest for the
                  | Orb.
     0 | D:1      | Reached XP level 1. HP: 16/16 MP: 1/1
     1 | D:1      | Found a runed translucent door.
   118 | D:1      | Reached skill level 3 in Polearms
   118 | D:1      | Gained mutation: You are partially covered in sharp spines.
                  | [demonic ancestry]
   118 | D:1      | Reached XP level 2. HP: 16/22 MP: 2/2
   947 | D:1      | Gained mutation: You are partially covered in icy blue
                  | scales. (AC +2) [demonic ancestry]
   947 | D:1      | Reached XP level 3. HP: 20/27 MP: 3/3
  1246 | D:2      | Found a faded altar of an unknown god.
  1517 | D:2      | Gained mutation: You regenerate magic rapidly. [demonic
                  | ancestry]
  1517 | D:2      | Reached XP level 4. HP: 34/34 MP: 4/4
  1628 | D:2      | Reached skill level 1 in Armour
  1631 | D:2      | Reached skill level 4 in Polearms
  1913 | D:3      | Slain by a gnoll

Illustrated notes

Levels and vault maps discovered:
D:1:      dpeg_arrival_caged_fury, layout_basic
D:2:      layout_loops_ring, serial_undead, serial_undead_d, serial_undead_b,
          serial_undead_c, serial_undead_b, ebering_ecumenical_altar_mist,
          hex_medium, guppyfry_early_lair_pool
D:3:      layout_basic, fedhas_altar_1, uniq_ijyb

Skill      XL: |  1  2  3  4 |
---------------+-------------+-----
Polearms       | 3 4 |  4.3
Dodging        | 3 |  3.2
Armour         | 1 |  1.2
Fighting       | |  2.5
Throwing       | |  1.8
Stealth        | |  0.1

Action                   |  1- 3 |  4- 6 || total
-------------------------+-------+-------++-------
Melee: Trident           |    81 |    41 ||   122
       Punch             |     1 |     1 ||     2
  Use: Potion            |       |     1 ||     1
 Stab: Distracted        |     1 |       ||     1
Armor: Leather armour    |     7 |       ||     7
       Chain mail        |    24 |    24 ||    48
Dodge: Dodged            |    22 |    11 ||    33
